 Dungeon Crawl Stone Soup version 0.21.1-1-g345015f (webtiles) character file.

261 Supreme the Digger (level 6, -8/32 HPs)
             Began as a Gargoyle Earth Elementalist on Mar 28, 2018.
             Mangled by an ice beast (11 damage)
             ... on level 4 of the Dungeon.
             The game lasted 01:02:24 (2412 turns).

Supreme the Digger (Gargoyle Earth Elementalist)    Turns: 2412, Time: 01:02:25

Health: -8/32      AC:  8    Str: 11    XL:     6   Next: 18%
Magic:  6/11       EV: 11    Int: 18    God:
Gold:   146        SH:  3    Dex: 10    Spells: 7/11 levels left

rFire    . . .     SeeInvis .   l - +2 short sword (venom)
rCold    . . .     Gourm    .   H - +0 buckler
rNeg     + . .     Faith    .   c - +0 robe
rPois    ∞         Spirit   .   C - +0 helmet
rElec    +         Reflect  .   (no cloak)
rCorr    .         Harm     .   D - +0 pair of gloves
MR       .....                  (no boots)
Stlth    ++........             u - amulet of rage
HPRegen  0.10/turn              (no ring)
MPRegen  0.12/turn              (no ring)

@: no status effects
A: negative energy resistance 1, electricity resistance, unbreathing,
petrification resistance, rot immunity, AC +4
a: Evoke Berserk Rage


You were on level 4 of the Dungeon.
You were hungry.

You visited 1 branch of the dungeon, and saw 5 of its levels.

You collected 146 gold pieces.

Inventory:

Hand Weapons
 l - a +2 short sword of venom (weapon)
 o - a +0 short sword
 q - a cursed -1 club
 x - a +0 dagger
 E - a +0 whip
Missiles
 b - 222 stones (quivered)
 h - 17 poisoned needles
 i - 8 needles of sleeping
 s - 2 throwing nets
Armour
 c - a +0 robe (worn)
 w - a +0 robe
 y - a +0 robe
 C - a +0 helmet (worn)
 D - a +0 pair of gloves (worn)
 H - a +0 buckler (worn)
 N - a +0 robe
Jewellery
 u - an amulet of rage (around neck)
Wands
 j - a wand of acid (8)
 B - a wand of digging (11)
 L - a wand of flame (41)
Scrolls
 a - a scroll of fear {unknown}
 r - a scroll of enchant armour {unknown}
 t - 3 scrolls of amnesia
 v - a scroll of immolation {unknown}
 z - a scroll of blinking {unknown}
 A - a scroll of fog {unknown}
 F - a scroll of enchant weapon {unknown}
 K - a scroll of noise {unknown}
Potions
 f - a potion of brilliance {unknown}
 g - a potion of resistance {unknown}
 k - a potion of flight {unknown}
 m - a potion of magic {unknown}
 n - a potion of might {unknown}
 p - a potion of heal wounds {unknown}
 G - a potion of lignification {unknown}
 P - 2 potions of curing {unknown}
 Q - a potion of haste {unknown}
Books
 e - a book of Geomancy

   Spells                             Type                      Level
   a - Sandblast                      Earth                        1
   b - Passwall                       Transmutation/Earth          2
   c - Stone Arrow                    Conjuration/Earth            3
   d - Petrify                        Transmutation/Earth          4
   e - Lee's Rapid Deconstruction     Earth                        5
Comestibles
 d - 4 rations
 I - 2 chunks of flesh


   Skills:
 + Level 0.2 Fighting
 + Level 0.2 Short Blades
 + Level 1.8 Dodging
 * Level 3.4 Stealth
 * Level 1.4 Shields
 + Level 3.4 Spellcasting
 + Level 1.0 Conjurations
   Level 0.7 Transmutations
 + Level 5.8 Earth Magic


You had 7 spell levels left.
You knew the following spells:

 Your Spells              Type           Power        Failure   Level  Hunger
a - Sandblast             Erth           ###...       1%          1    None
b - Stone Arrow           Conj/Erth      ###...       16%         3    ###....


Dungeon Overview and Level Annotations

Branches:
Dungeon (5/15)
 Temple: D:4-7

Altars:
The Shining One

Annotations:
D:3 Sigmund


Innate Abilities, Weirdness & Mutations

You are resistant to torment.
Your stone body is resilient. (AC +4)
You are immune to poison.
You resist negative energy. (rN+)
You are resistant to electric shocks. (rElec)
You can survive without breathing.
You are immune to petrification.
You are immune to rotting.


Message History

Casting: Sandblast
Confirm with . or Enter, or press ? or * to list all spells.
Aiming: Sandblast
Press: ? - help, Shift-Dir - straight line, f/p - ice beast
Aim: an ice beast (severely wounded)
The blast of sand hits the ice beast.
The ice beast is severely wounded.
b - 223 stones The ice beast hits you but does no damage.
Casting: Sandblast
Confirm with . or Enter, or press ? or * to list all spells.
Aiming: Sandblast
Press: ? - help, Shift-Dir - straight line, f/p - ice beast
Aim: an ice beast (severely wounded)
The blast of sand misses the ice beast.
b - 222 stones The ice beast hits you.
* * * LOW HITPOINT WARNING * * *
The ice beast freezes you!
You die...

... #######
.... #......
..≈#+# #.#####
#.≈≈.≈ #.#
#..#.# #.#
#.#.# #.# #...#
#.#
#.@##########.#
#.Y...........#
#.>......###..#
##.#####.###..#
#########.#
#......#
#.....†...#
######.#
#.######### #.#
#.# #.# #.# #.#


You could see an ice beast.

Vanquished Creatures
  A bullfrog (D:3)
  Jessica (D:2)
  2 worker ants
  An orc wizard (D:3)
  3 adders (D:2)
  2 worms (D:3)
  2 leopard geckos
  2 orcs
  A ball python (D:1)
  7 bats
  4 giant cockroaches
  2 goblins
  5 hobgoblins
  9 jackals
  2 quokkas
  5 frilled lizards
  6 kobolds
  4 rats
59 creatures vanquished.

Notes
Turn   | Place    | Note
-------+----------+-------------------------------------------
     0 | D:1      | Supreme the Gargoyle Earth Elementalist began the quest for the Orb.
     0 | D:1      | Reached XP level 1. HP: 10/10 MP: 3/3
   191 | D:1      | Reached skill level 4 in Earth Magic
   228 | D:1      | Reached XP level 2. HP: 15/15 MP: 1/5
   232 | D:1      | Learned a level 2 spell: Passwall
   704 | D:2      | Found a glowing golden altar of the Shining One.
   736 | D:2      | Reached XP level 3. HP: 19/19 MP: 1/6
   773 | D:2      | Learned a level 3 spell: Stone Arrow
  1320 | D:2      | Reached XP level 4. HP: 24/24 MP: 6/8
  1350 | D:2      | Noticed Jessica
  1398 | D:2      | Killed Jessica
  1398 | D:2      | Reached skill level 5 in Earth Magic
  1604 | D:5      | Entered Level 5 of the Dungeon
  1722 | D:3      | Noticed a bullfrog
  1732 | D:3      | Killed a bullfrog
  1732 | D:3      | Reached skill level 1 in Shields
  1732 | D:3      | Reached XP level 5. HP: 24/28 MP: 3/9
  1928 | D:3      | Noticed Sigmund
  2036 | D:3      | Reached XP level 6. HP: 18/32 MP: 6/10
  2394 | D:4      | Reached skill level 1 in Conjurations
  2403 | D:5      | Noticed an ice beast
  2412 | D:4      | Mangled by an ice beast

Skill      XL: |  1  2  3  4  5  6 |
---------------+-------------------+-----
Earth Magic    | 4 5 |  5.8
Stealth        | 3 |  3.4
Shields        | 1 |  1.4
Spellcasting   | 3 |  3.4
Conjurations   | 1 |  1.0
Fighting       | |  0.2
Short Blades   | |  0.2
Dodging        | |  1.8
Transmutations | |  0.7

Action                   |  1- 3 |  4- 6 || total
-------------------------+-------+-------++-------
Melee: Unarmed           |     7 |       ||     7
       Short sword       |     5 |    36 ||    41
       Hand axe          |     4 |       ||     4
 Cast: Sandblast         |    41 |    20 ||    61
       Passwall          |     3 |       ||     3
       Stone Arrow       |     4 |    10 ||    14
  Use: Scroll            |     1 |     4 ||     5
 Stab: Sleeping          |     1 |     2 ||     3
  Eat: Chunk             |     3 |     4 ||     7
Armor: Robe              |    14 |    17 ||    31
Dodge: Dodged            |    21 |    19 ||    40
Block: Buckler           |     2 |     5 ||     7
